Map: Heavy Artillery LE

Players

Indro

  • Race: Protoss Protoss
  • Spawn Location: 7:00

KASINO

  • Race: Protoss Protoss
  • Spawn Location: 7:00

Throwfordays - Winner!

  • Race: Protoss Protoss
  • Spawn Location: 3:00

Faust - Winner!

  • Race: Zerg Zerg
  • League: Diamond
  • Spawn Location: 1:00

VOD

Have the link to the VOD?

Description

Time

  • Played on: March 22, 2021, 9:36 p.m.
  • Length: 16:02
Show
View Real Time Build Order
Export as new Build Order

Indro Protoss 

Build Orders: Oracle Opening 

Get SALT Encoding   

  12  0:01  Probe (Chrono Boost)  
  13  0:10  Probe (Chrono Boost)  
  14  0:15  Probe (Chrono Boost)  
  15  0:24  Pylon  
  15  0:38  Assimilator  
  15  0:46  Forge  
  15  0:55  Gateway  
  15  0:58  Probe  
  16  1:19  Photon Cannon  
  16  1:22  Photon Cannon  
  16  1:24  Probe  
  17  1:42  Probe (Chrono Boost)  
  17  1:43  Cybernetics Core  
  18  1:50  Assimilator  
  18  1:54  Probe (Chrono Boost)  
  19  2:02  Probe (Chrono Boost)  
  19  2:08  Probe  
  21  2:19  Stargate  
  21  2:20  Probe  
  22  2:25  Pylon  
  22  2:36  Probe  
  23  2:45  Photon Cannon  
  23  2:48  Probe  
  24  3:01  Oracle (Chrono Boost)  
  24  3:05  Pylon  
  27  3:28  Oracle (Chrono Boost)  
  27  3:29  Photon Cannon  
  27  3:30  Shield Battery  
  30  3:48  Pylon  
  30  3:52  Void Ray (Chrono Boost)  
  34  4:26  Nexus  
  34  4:27  Void Ray (Chrono Boost)  
  34  4:29  Pylon  
  38  5:06  Photon Cannon  
  38  5:11  Void Ray (Chrono Boost)  
  42  5:26  Photon Cannon  
  42  5:28  Shield Battery  
  42  5:32  Pylon  
  42  5:34  Stargate  
  42  5:48  Protoss Air Weapons Level 1 (Chrono Boost)  
  42  6:12  Probe  
  42  6:14  Photon Cannon  
  43  6:24  Probe  
  44  6:36  Probe  
  37  6:48  Probe (Chrono Boost)  
  37  6:52  Assimilator  
  38  6:54  Pylon  
  38  6:58  Void Ray x2  
  38  7:00  Probe (Chrono Boost)  
  39  7:02  Nexus  
  39  7:05  Pylon  
  39  7:06  Probe (Chrono Boost)  
  48  7:14  Probe  
  49  7:22  Assimilator  
  49  7:24  Pylon  
  49  7:27  Probe (Chrono Boost)  
  47  7:31  Photon Cannon  
  47  7:37  Photon Cannon  
  47  7:39  Probe (Chrono Boost)  
  48  7:44  Probe (Chrono Boost)  
  49  7:53  Probe  
  49  7:56  Probe  
  51  7:58  Fleet Beacon  
  51  8:09  Probe x2 (Chrono Boost)  
  51  8:12  Protoss Air Armor Level 1 (Chrono Boost)  
  53  8:18  Probe (Chrono Boost)  
  54  8:26  Probe (Chrono Boost)  
  54  8:27  Probe (Chrono Boost)  
  57  8:28  Probe (Chrono Boost)  
  57  8:33  Probe x3 (Chrono Boost)  
  59  8:36  Flux Vanes  
  60  8:43  Tempest x2  
  60  8:45  Probe  
  60  8:47  Protoss Shields Level 1 (Chrono Boost)  
  71  8:59  Shield Battery  
  71  9:02  Photon Cannon  
  71  9:03  Probe  
  71  9:05  Probe  
  73  9:10  Stargate  
  73  9:13  Probe  
  74  9:22  Shield Battery  
  74  9:25  Probe  
  74  9:27  Photon Cannon  
  75  9:32  Tempest  
  75  9:34  Tempest  
  75  9:37  Probe  
  86  9:40  Assimilator  
  86  9:42  Assimilator  
  86  9:50  Probe  
  84  9:57  Shield Battery  
  84  10:00  Photon Cannon  
  84  10:04  Shield Battery  
  84  10:15  Protoss Air Weapons Level 2 (Chrono Boost)  
  84  10:28  Probe  
  85  10:39  Tempest x3  
  85  10:40  Probe  
  101  10:53  Pylon  
  101  10:56  Pylon  
  101  11:00  Stargate  
  101  11:01  Pylon  
  101  11:03  Photon Cannon  
  101  11:09  Nexus  
  101  11:11  Pylon  
  101  11:16  Void Ray x3  
  89  11:43  Shield Battery  
  89  11:45  Photon Cannon  
  89  11:46  Pylon  
  89  11:48  Shield Battery  
  89  11:51  Photon Cannon  
  89  11:54  Void Ray x2 (Chrono Boost)  
  89  11:55  Photon Cannon, Void Ray (Chrono Boost)  
  89  11:57  Photon Cannon  
  89  11:59  Shield Battery  
  89  12:00  Photon Cannon  
  81  12:23  Void Ray (Chrono Boost)  
  81  12:27  Void Ray x2 (Chrono Boost)  
  81  12:28  Void Ray (Chrono Boost)  
  64  12:46  Photon Cannon  
  64  12:47  Shield Battery  
  64  12:51  Shield Battery  
  64  12:52  Pylon  
  64  13:14  Void Ray x2 (Chrono Boost)  
  75  13:20  Void Ray (Chrono Boost)  
  75  13:21  Void Ray (Chrono Boost)  
  79  13:33  Nexus  
  79  13:35  Pylon  
  79  13:54  Photon Cannon  
  79  13:55  Photon Cannon  
  79  13:57  Photon Cannon  
  79  13:59  Shield Battery  
  79  14:01  Shield Battery  
  79  14:02  Pylon  
  39  14:25  Void Ray (Chrono Boost)  
  32  14:38  Void Ray x3 (Chrono Boost)  
  42  14:55  Void Ray (Chrono Boost)  
Show
View Real Time Build Order
Export as new Build Order

KASINO Protoss 

Build Orders: Oracle Opening 

Get SALT Encoding   

  12  0:00  Probe (Chrono Boost)  
  13  0:10  Probe (Chrono Boost)  
  14  0:15  Probe (Chrono Boost)  
  15  0:27  Pylon  
  15  0:38  Assimilator  
  15  0:46  Probe  
  15  0:47  Gateway  
  16  0:58  Probe  
  17  1:06  Forge  
  17  1:10  Probe (Chrono Boost)  
  19  1:19  Probe (Chrono Boost)  
  19  1:24  Probe  
  20  1:36  Probe  
  20  1:39  Cybernetics Core  
  21  1:43  Photon Cannon  
  21  1:50  Pylon  
  21  1:57  Photon Cannon  
  21  2:11  Photon Cannon  
  21  2:20  Stargate  
  21  2:30  Assimilator, Warp Gate  
  21  2:34  Shield Battery  
  21  2:38  Pylon  
  21  2:56  Probe  
  22  3:05  Oracle (Chrono Boost)  
  29  3:20  Stalker  
  27  3:41  Oracle (Chrono Boost)  
  30  3:55  Photon Cannon  
  30  4:08  Nexus  
  30  4:10  Pylon  
  27  4:53  Photon Cannon  
  27  4:56  Shield Battery  
  27  5:07  Stalker  
  29  5:17  Pylon  
  29  5:18  Protoss Air Weapons Level 1  
  29  5:22  Oracle  
  29  5:25  Protoss Shields Level 1  
  32  5:29  Probe (Chrono Boost)  
  32  5:32  Probe (Chrono Boost)  
  34  5:38  Probe (Chrono Boost)  
  34  5:40  Probe (Chrono Boost)  
  36  5:44  Probe (Chrono Boost)  
  37  5:55  Probe  
  38  6:15  Probe  
  39  6:18  Photon Cannon  
  39  6:20  Assimilator  
  39  6:27  Probe  
  40  6:39  Probe  
  41  6:47  Void Ray  
  45  6:55  Stalker  
  47  7:02  Twilight Council  
  47  7:06  Gateway  
  47  7:07  Probe (Chrono Boost)  
  48  7:10  Stargate  
  48  7:11  Probe (Chrono Boost)  
  48  7:13  Assimilator, Fleet Beacon  
  50  7:17  Probe (Chrono Boost)  
  50  7:18  Probe (Chrono Boost)  
  50  7:22  Probe (Chrono Boost)  
  51  7:24  Probe  
  53  7:30  Nexus  
  53  7:34  Pylon  
  53  7:35  Photon Cannon  
  53  7:36  Probe (Chrono Boost)  
  55  7:37  Probe (Chrono Boost)  
  55  7:46  Probe (Chrono Boost)  
  55  7:50  Assimilator  
  56  7:51  Probe (Chrono Boost)  
  56  7:53  Pylon  
  56  7:55  Shield Battery  
  56  7:57  Charge  
  57  8:02  Probe  
  57  8:03  Photon Cannon  
  58  8:14  Probe  
  59  8:28  Stalker  
  59  8:29  Stalker  
  59  8:32  Photon Cannon, Probe (Chrono Boost)  
  64  8:34  Pylon  
  64  8:38  Photon Cannon  
  64  8:39  Phoenix  
  64  8:41  Probe (Chrono Boost)  
  67  8:46  Probe (Chrono Boost)  
  68  8:53  Probe (Chrono Boost)  
  70  8:56  Probe (Chrono Boost)  
  70  9:01  Probe (Chrono Boost)  
  72  9:03  Probe (Chrono Boost)  
  72  9:05  Probe (Chrono Boost)  
  72  9:07  Cybernetics Core  
  72  9:08  Protoss Shields Level 2  
  73  9:11  Protoss Air Weapons Level 2  
  73  9:12  Pylon  
  73  9:13  Phoenix  
  75  9:17  Phoenix  
  75  9:22  Zealot  
  75  9:23  Zealot  
  81  9:28  Probe (Chrono Boost)  
  81  9:29  Probe (Chrono Boost)  
  83  9:38  Probe (Chrono Boost)  
  85  9:39  Probe (Chrono Boost)  
  85  9:42  Shield Battery  
  86  9:47  Void Ray x2  
  86  9:48  Probe x2 (Chrono Boost)  
  87  9:57  Zealot x2, Probe (Chrono Boost)  
  100  10:06  Assimilator  
  100  10:11  Photon Cannon  
  100  10:16  Photon Cannon  
  97  10:42  Zealot x2  
  101  10:46  Probe  
  101  10:48  Shield Battery  
  102  10:58  Probe  
  103  11:10  Probe  
  79  11:31  Stalker x2  
  69  11:35  Carrier x2  
  81  11:41  Protoss Air Armor Level 1  
  81  11:48  Protoss Air Weapons Level 3  
  81  11:49  Flux Vanes, Stargate  
  79  11:56  Stargate  
  79  11:59  Photon Cannon x2  
  79  12:00  Shield Battery  
  79  12:01  Pylon  
  77  12:02  Stalker x2  
  77  12:03  Pylon  
  81  12:18  Pylon  
  81  12:24  Stargate  
  81  12:36  Void Ray x2  
  81  12:37  Pylon, Photon Cannon  
  81  12:39  Carrier  
  81  12:42  Void Ray  
  95  12:46  Protoss Shields Level 3 (Chrono Boost)  
  99  13:02  Stargate  
  99  13:06  Stargate  
  99  13:09  Shield Battery, Photon Cannon  
  99  13:10  Void Ray  
  99  13:11  Pylon  
  99  13:13  Void Ray x2  
  99  13:18  Shield Battery  
  99  13:19  Void Ray  
  111  13:23  Probe (Chrono Boost)  
  116  13:31  Probe (Chrono Boost)  
  117  13:46  Phoenix x2  
  121  13:53  Phoenix  
  123  13:58  Nexus  
  124  14:03  Probe (Chrono Boost)  
  118  14:10  Probe (Chrono Boost)  
  65  14:33  Void Ray x3, Stalker x2  
  65  14:34  Void Ray x2  
  89  14:50  Void Ray x2  
  91  15:17  Pylon  
  89  15:21  Pylon  
  89  15:23  Assimilator  
  89  15:25  Phoenix  
  89  15:26  Phoenix  
  89  15:27  Pylon  
  95  15:33  Stalker x2  
Show
View Real Time Build Order
Export as new Build Order

Throwfordays Protoss - Winner!

Build Orders: Carriers 

Get SALT Encoding   

  12  0:01  Probe  
  13  0:16  Pylon  
  13  0:18  Probe  
  14  0:32  Probe  
  15  0:36  Forge  
  15  0:51  Probe (Chrono Boost)  
  16  1:01  Probe (Chrono Boost)  
  16  1:03  Pylon  
  17  1:06  Gateway  
  17  1:24  Assimilator  
  17  1:26  Assimilator, Probe  
  18  1:37  Pylon  
  18  1:38  Probe  
  19  1:45  Pylon  
  19  1:50  Probe  
  20  2:02  Probe  
  20  2:06  Cybernetics Core  
  21  2:15  Probe  
  22  2:17  Photon Cannon  
  22  2:21  Photon Cannon  
  22  2:27  Probe  
  23  2:32  Photon Cannon  
  23  2:56  Nexus  
  23  3:00  Warp Gate (Chrono Boost)  
  23  3:10  Probe  
  24  3:20  Assimilator  
  24  3:22  Probe  
  24  3:25  Assimilator  
  25  3:34  Probe  
  26  3:46  Probe  
  26  3:48  Stargate  
  27  3:51  Stargate  
  27  3:58  Probe  
  27  4:00  Pylon  
  28  4:08  Pylon  
  28  4:11  Probe (Chrono Boost)  
  28  4:15  Probe (Chrono Boost)  
  30  4:21  Probe (Chrono Boost)  
  32  4:24  Probe (Chrono Boost)  
  32  4:26  Probe (Chrono Boost)  
  32  4:31  Photon Cannon  
  33  4:34  Probe  
  33  4:37  Probe  
  33  4:38  Photon Cannon  
  31  4:49  Probe  
  31  4:52  Photon Cannon  
  29  5:01  Probe  
  30  5:10  Photon Cannon  
  30  5:14  Probe (Chrono Boost)  
  31  5:19  Photon Cannon  
  31  5:22  Photon Cannon  
  31  5:26  Probe (Chrono Boost)  
  33  5:32  Probe (Chrono Boost)  
  33  5:33  Probe (Chrono Boost)  
  34  5:39  Probe  
  34  5:40  Probe  
  34  5:42  Fleet Beacon  
  36  5:50  Phoenix  
  36  5:52  Probe  
  39  5:58  Shield Battery  
  39  6:01  Shield Battery  
  38  6:04  Probe  
  38  6:08  Phoenix  
  41  6:13  Phoenix  
  43  6:26  Protoss Air Weapons Level 1 (Chrono Boost)  
  43  6:34  Phoenix  
  45  6:42  Phoenix  
  47  6:52  Probe  
  48  6:55  Assimilator  
  48  6:57  Probe  
  49  7:04  Pylon, Probe  
  50  7:09  Probe  
  51  7:17  Probe  
  51  7:21  Probe  
  53  7:29  Probe  
  54  7:41  Nexus, Probe  
  55  7:44  Anion Pulse-Crystals (Chrono Boost)  
  55  7:45  Assimilator  
  55  7:47  Assimilator  
  55  7:50  Carrier x2  
  67  7:51  Pylon  
  67  7:54  Pylon  
  67  8:00  Pylon  
  67  8:03  Stargate  
  67  8:17  Probe  
  68  8:21  Probe  
  69  8:30  Probe  
  69  8:33  Probe  
  71  8:42  Probe  
  71  8:45  Probe  
  71  8:47  Protoss Air Weapons Level 2 (Chrono Boost)  
  73  8:50  Carrier  
  79  8:57  Probe  
  79  9:00  Carrier  
  86  9:04  Probe  
  86  9:08  Probe  
  89  9:10  Probe  
  89  9:16  Probe  
  89  9:17  Carrier  
  96  9:21  Probe  
  97  9:28  Probe  
  98  9:33  Probe  
  99  9:40  Probe  
  100  9:45  Protoss Shields Level 1  
  101  9:52  Probe  
  101  9:54  Cybernetics Core  
  101  9:56  Stargate  
  101  9:58  Carrier  
  107  10:05  Pylon  
  107  10:07  Pylon  
  107  10:23  Nexus  
  107  10:26  Pylon  
  107  10:28  Pylon  
  107  10:30  Assimilator, Carrier x2  
  107  10:35  Assimilator  
  119  10:43  Carrier  
  119  10:48  Protoss Air Armor Level 1  
  119  10:49  Probe  
  126  11:01  Probe  
  125  11:13  Probe  
  107  11:34  Probe  
  108  11:41  Probe  
  108  11:46  Probe  
  110  11:48  Carrier x3  
  110  11:53  Probe  
  129  11:58  Probe  
  130  12:05  Probe  
  131  12:10  Probe  
  132  12:17  Probe  
  127  12:22  Probe  
  127  12:29  Probe  
  129  12:39  Carrier  
  135  12:52  Carrier x2  
  147  13:12  Probe  
  148  13:14  Probe  
  148  13:18  Probe  
  150  13:23  Probe  
  150  13:24  Probe  
  150  13:26  Probe  
  153  13:31  Probe  
  154  13:35  Probe  
  154  13:36  Probe  
  154  13:37  Pylon  
  154  13:40  Pylon  
  156  13:44  Pylon  
  156  13:55  Carrier, Probe x2  
  164  14:07  Probe x2  
  148  14:19  Probe x2  
  144  14:44  Carrier x3  
Show
View Real Time Build Order
Export as new Build Order

Faust Zerg - Winner!

Build Orders: Pool First 

Get SALT Encoding   

  12  0:19  Spawning Pool  
  11  0:22  Drone  
  12  0:28  Drone  
  12  0:31  Drone  
  14  0:43  Extractor, Drone  
  14  0:46  Overlord  
  15  1:12  Hatchery  
  15  1:15  Zergling x2  
  15  1:17  Zergling x2  
  16  1:20  Zergling x2  
  17  1:27  Drone  
  18  1:39  Zergling x2  
  19  1:49  Queen, Drone  
  22  2:04  Overlord  
  22  2:20  Hatchery  
  21  2:27  Zergling x6  
  23  2:40  Drone  
  23  2:41  Drone  
  23  2:42  Queen  
  27  2:44  Drone  
  28  2:55  Drone  
  28  2:56  Drone  
  30  2:59  Extractor, Drone  
  30  3:00  Extractor  
  29  3:08  Drone x2  
  31  3:23  Drone x2  
  31  3:26  Drone  
  34  3:29  Overlord  
  34  3:33  Drone x2  
  36  3:38  Drone  
  36  3:39  Drone x2  
  39  3:43  Extractor  
  39  3:44  Extractor  
  37  3:54  Drone  
  37  3:55  Drone x3  
  40  3:56  Drone x2  
  40  3:57  Overlord  
  40  4:00  Spore Crawler  
  37  4:17  Queen  
  37  4:18  Queen  
  37  4:24  Spore Crawler  
  38  4:27  Drone  
  38  4:28  Drone  
  38  4:29  Drone  
  41  4:42  Drone x3  
  30  4:54  Drone x2  
  32  5:01  Drone x2  
  33  5:08  Drone  
  34  5:19  Lair  
  34  5:24  Drone  
  34  5:25  Drone  
  36  5:32  Drone x2  
  36  5:34  Drone  
  39  5:37  Drone  
  39  5:41  Drone  
  41  5:43  Drone  
  41  5:48  Drone x2  
  44  5:56  Queen  
  45  6:14  Drone x5  
  45  6:15  Drone  
  45  6:16  Drone x3  
  54  6:19  Spore Crawler  
  52  6:28  Spore Crawler  
  49  6:39  Spore Crawler  
  45  6:50  Queen  
  45  6:51  Drone x8  
  45  6:52  Drone x2  
  57  7:01  Drone  
  57  7:06  Overlord x2  
  57  7:07  Overlord  
  58  7:14  Spire  
  58  7:15  Drone  
  58  7:22  Extractor x2  
  57  7:26  Drone x6  
  57  7:28  Drone  
  57  7:29  Drone  
  64  7:40  Overlord  
  64  7:43  Drone x3  
  67  7:44  Drone x3  
  67  7:45  Drone x3  
  67  7:48  Drone  
  74  7:58  Spore Crawler  
  74  7:59  Spore Crawler  
  74  8:01  Metabolic Boost  
  74  8:05  Drone x5, Evolution Chamber  
  77  8:07  Evolution Chamber  
  75  8:29  Drone x3  
  75  8:30  Drone  
  75  8:31  Drone  
  75  8:32  Overlord x2  
  75  8:34  Overlord  
  80  8:36  Zerg Melee Weapons Level 1, Zerg Ground Armor Level 1  
  80  8:38  Zerg Flyer Weapons Level 1  
  80  8:40  Overlord  
  80  8:56  Mutalisk x2  
  80  8:57  Mutalisk x6  
  80  8:58  Hatchery, Mutalisk  
  80  8:59  Extractor  
  80  9:01  Extractor, Mutalisk  
  97  9:03  Mutalisk  
  99  9:11  Mutalisk x4  
  99  9:14  Drone  
  99  9:15  Drone  
  99  9:16  Drone  
  110  9:17  Drone  
  110  9:18  Drone x2  
  110  9:20  Drone  
  114  9:38  Overlord x2  
  114  9:57  Mutalisk x2  
  114  9:58  Mutalisk x6  
  114  9:59  Overlord x3  
  130  10:00  Overlord x2  
  130  10:01  Extractor, Hatchery  
  124  10:21  Corruptor x6  
  124  10:34  Corruptor x2  
  124  10:35  Corruptor  
  128  10:40  Drone x3  
  128  10:41  Drone x3  
  128  10:42  Queen  
  136  10:44  Drone x2  
  136  10:46  Drone  
  136  10:47  Drone  
  140  10:53  Zergling x2  
  140  10:56  Zergling x2  
  140  11:00  Zergling x4  
  140  11:02  Spore Crawler  
  140  11:03  Spore Crawler  
  124  11:30  Zergling x2  
  124  11:31  Zergling x26  
  136  11:36  Zergling x6  
  138  11:45  Drone  
  138  11:46  Drone x7  
  143  11:55  Infestation Pit  
  143  11:57  Zerg Melee Weapons Level 2  
  143  11:58  Zerg Ground Armor Level 2  
  142  12:05  Spine Crawler x2  
  140  12:09  Drone  
  140  12:10  Drone x2  
  140  12:14  Corruptor x5  
  140  12:15  Corruptor x6  
  165  12:36  Mutalisk x3  
  167  12:37  Mutalisk x2  
  167  12:43  Overlord  
  167  12:44  Overlord x3  
  174  13:01  Overlord x3  
  168  13:12  Hatchery  
  165  13:13  Extractor  
  165  13:16  Extractor  
  163  13:23  Drone x3  
  163  13:24  Drone x3  
  163  13:25  Drone x5  
  163  13:26  Drone x3  
  177  13:50  Hive  
  177  13:53  Spire  
  176  13:58  Hydralisk Den  
Tags
 
Add a new tag
Caveats
  • Supply blocks, unpowered buildings, or Contaminate may cause inaccurate times.
  • Supply counts are checked every 10 seconds.